 Dungeon Crawl Stone Soup version 0.27.1-34-g3ba077fa99 (webtiles) character file.

Game seed: 123925491695435233

32 boopmooplesden the Covered (level 3, -1/33 HPs)
             Began as a Minotaur Fighter on Jan 21, 2022.
             Slain by Sigmund (2 damage)
             ... on level 2 of the Dungeon.
             The game lasted 00:01:03 (1373 turns).

boopmooplesden the Covered (Minotaur Fighter)       Turns: 1373, Time: 00:01:04

Health: -1/33      AC:  7    Str: 21    XL:     3   Next: 10%
Magic:  2/2        EV:  7    Int:  5    God:
Gold:   61         SH:  9    Dex:  9    Spells: 2/2 levels left

rFire    . . .     SeeInvis .   a - +0 trident
rCold    . . .     Faith    .   c - +0 kite shield
rNeg     . . .     Spirit   .   b - +0 scale mail
rPois    .         Reflect  .   (helmet restricted)
rElec    .         Harm     .   (no cloak)
rCorr    .         Rampage  .   (no gloves)
Will     .....                  (no boots)
Stlth    ..........             (no amulet)
HPRegen  0.11/turn              (no ring)
MPRegen  0.08/turn              (no ring)

@: attractive
A: horns 2, retaliatory headbutt
a: no special abilities


You were on level 2 of the Dungeon.
You visited 1 branch of the dungeon, and saw 2 of its levels.

You collected 61 gold pieces.

Inventory:

Hand Weapons
 a - a +0 trident (weapon)
Armour
 b - a +0 scale mail (worn)
 c - a +0 kite shield (worn)
Jewellery
 f - a +4 ring of slaying
Scrolls
 e - a scroll of enchant armour {unknown}
 g - a scroll of teleportation {unknown}
 h - a scroll of immolation {unknown}
 k - a scroll of fear {unknown}
Potions
 d - a potion of might
 l - a potion of lignification {unknown}


   Skills:
 + Level 4.0 Fighting
 + Level 2.5 Polearms
 + Level 4.3 Armour
 + Level 0.3 Dodging
 + Level 4.0 Shields


You had 2 spell levels left.
You didn't know any spells.
Your spell library contained the following spells:

 Spells                   Type           Power      Damage    Failure   Level
 Freeze                   Ice            0%         1d3       99%         1
 Frozen Ramparts          Ice            0%         1d2       100%        3
 Hailstorm                Conj/Ice       0%         3d3       100%        4


Dungeon Overview and Level Annotations

Branches:
Dungeon (2/15)

Altars:

Shops:
D:1 [

Annotations:
D:2 Sigmund


Innate Abilities, Weirdness & Mutations

You have a pair of horns on your head.
You reflexively headbutt those who attack you in melee.


Message History

You feel less confused.
Sigmund hits you with a +2 scythe of protection!
Throw: throwing net
Press: ? - help, Q - select action Shift-Dir - straight line, f - Sigmund
Aim: Sigmund, wielding a +2 scythe of protection and wearing a +0 robe (52% to hit)
You throw a throwing net. The throwing net hits Sigmund.
Sigmund is caught in the net!
You puncture Sigmund!
Sigmund is moderately wounded.
Sigmund struggles against the net. x2
You hit Sigmund but do no damage.
Sigmund is moderately wounded.
Sigmund struggles against the net.
You hit Sigmund.
Sigmund is heavily wounded.
Sigmund struggles against the net. x2
You hit Sigmund but do no damage.
Sigmund is heavily wounded.
Sigmund struggles against the net.
The net rips apart, and Sigmund comes free!
You barely miss Sigmund. Your headbutt misses Sigmund.
Sigmund is heavily wounded.
Sigmund points at you and mumbles some strange words.
You are confused.
Sigmund points at you and mumbles some strange words.
The puff of flame hits you! Sigmund hits you but does no damage.
You bump into the rock wall.
You're too confused to move!
Sigmund hits you from afar with a +2 scythe of protection!
* * * LOW HITPOINT WARNING * * *
You bump into the rock wall.
Sigmund hits you from afar with a +2 scythe of protection.
* * * LOW HITPOINT WARNING * * *
It was a potion of attraction.
You feel attractive to monsters.
You feel less confused. Sigmund is pulled toward you!
An endoplasm comes into view.
Sigmund hits you from afar with a +2 scythe of protection.
You die...

#...###########.....#.....##
#........... #.....#.....##
#..######### #.....##....##
#......... ###.........##
#..####### #.........## #..#
#........### #..#
#..........#
#..##############.######..†#
#..........@.@.............'
#..#############.J..####...#
#..# #....##.....# #..#
....##.....# #...
....##...### ##.# ....##...#
#.# ....##... #.# ....####


You could see Sigmund and an endoplasm (wandering).

Vanquished Creatures
  An adder (D:2)
  A dart slug (D:1)
  A bat (D:1)
  An endoplasm (D:2)
  A giant cockroach (D:1)
  6 jackals
  A kobold (D:1)
  3 ball pythons
  A frilled lizard (D:1)
  3 goblins (D:1)
  A rat (D:1)
20 creatures vanquished.

Notes
Turn   | Place    | Note
-------+----------+-------------------------------------------
     0 | D:1      | boopmooplesden the Minotaur Fighter began the quest for the
                  | Orb.
     0 | D:1      | Reached XP level 1. HP: 19/19 MP: 0/0
    97 | D:1      | Found a faded altar of an unknown god.
   257 | D:1      | Reached XP level 2. HP: 24/27 MP: 1/1
   727 | D:1      | Found Pithuc's Antique Armour Shop.
  1236 | D:2      | Reached XP level 3. HP: 33/33 MP: 2/2
  1354 | D:2      | Noticed Sigmund
  1371 | D:2      | HP: 1/33 [Sigmund (6)]
  1373 | D:2      | Slain by Sigmund

Illustrated notes

Levels and vault maps discovered:
D:1:      minmay_arrival_loop, layout_basic, serial_shops, shop,
          dreamdust_ecumenical_altar_hidden_monk_grotto
D:2:      layout_basic, serial_shops, nicolae_diamond_shop, uniq_sigmund

Skill      XL: |  1  2 |
---------------+-------+-----
Armour         | 4 |  4.3
Fighting       | 4 |  4.0
Shields        | 4 |  4.0
Polearms       | |  2.5
Dodging        | |  0.3

Action                   || total
-------------------------++-------
Melee: Trident           ||    42
       Headbutt          ||     8
Throw: Throwing net      ||     1
  Use: Potion            ||     1
Armor: Scale mail        ||    25
Dodge: Dodged            ||    13
Block: Kite shield       ||    23
